 Dungeon Crawl Stone Soup version 0.27-a0-96-gb51a1d6fd6 (webtiles) character file.

Game seed: 17290424963152331137

8 knot the Chopper (level 2, 23/24 HPs)
             Began as a Demonspawn Berserker on Jan 19, 2021.
             Was a Follower of Trog.
             Quit the game on level 1 of the Dungeon.
             The game lasted 00:00:19 (275 turns).

knot the Chopper (Demonspawn Berserker)              Turns: 275, Time: 00:00:20

Health: 23/24      AC:  5    Str: 17    XL:     2   Next: 0%
Magic:  2/2        EV: 11    Int:  8    God:    Trog [*.....]
Gold:   30         SH:  0    Dex: 12    Spells: 1/1 levels left

rFire    . . .     SeeInvis .   a - +0 hand axe
rCold    . . .     Faith    .   (no shield)
rNeg     . . .     Spirit   .   c - +0 ring mail (curse)
rPois    .         Reflect  .   (no helmet)
rElec    .         Harm     .   (no cloak)
rCorr    .         Rampage  .   (no gloves)
Will     .....                  (no boots)
Stlth    ..........             (no amulet)
HPRegen  0.08/turn              (no ring)
MPRegen  0.08/turn              (no ring)

@: no status effects
A: hooves 1
a: Renounce Religion, Berserk


You were on level 1 of the Dungeon.
You worshipped Trog.
Trog was aware of your devotion.
You visited 1 branch of the dungeon, and saw 1 of its levels.

You collected 30 gold pieces.

Inventory:

Hand Weapons
 a - a +0 hand axe (weapon)
Armour
 c - a cursed +0 ring mail (worn)
Scrolls
 e - a scroll of identify {unknown}
 f - a scroll of remove curse {unknown}
Potions
 b - a potion of haste {unknown}
 d - a potion of flight {unknown}


   Skills:
 - Level 3.0 Fighting
 + Level 3.2 Axes
 - Level 1.7 Armour
 - Level 1.7 Dodging


You had one spell level left.
You didn't know any spells.
Your spell library was empty.

Dungeon Overview and Level Annotations

Branches:
Dungeon (1/15)

Altars:


Innate Abilities, Weirdness & Mutations

You have large cloven feet.


Message History

You hit the bat.
The bat is moderately wounded.
The bat closely misses you. x2
You barely miss the bat.
The bat is moderately wounded.
The bat hits you but does no damage.
A bat is nearby!
The bat misses you. The bat misses you.
A bat is nearby!
The bat hits you. The bat misses you. The bat barely misses you.
A bat is nearby!
You hit the bat.
You kill the bat!
Trog accepts your kill.
You have reached level 2!
Your demonic ancestry asserts itself...
Your feet thicken and deform.
Are you sure you want to abandon this character and quit the game? (Confirm with "yes".)

############.#.##.####.#.#.)##
.#.##.#......#...#.# #
##.............. #####
#....#†#.#..###.## ##....
.................. ##.!...
##.#.#.#.#..####.# ...#.#.
...........### #
.......###...#.#.#...#
...#.#.$.@...........#
........##.####.####.#
......#.##.####.# .#
....#.#.........# .# ...
#...?...#.### # .# #########.#
#.# #.# #.#


There were no monsters in sight!

Vanquished Creatures
  A giant cockroach (D:1)
  A hobgoblin (D:1)
  2 kobolds (D:1)
  3 bats (D:1)
7 creatures vanquished.

Notes
Turn   | Place    | Note
-------+----------+-------------------------------------------
     0 | D:1      | knot the Demonspawn Berserker began the quest for the Orb.
     0 | D:1      | Reached XP level 1. HP: 18/18 MP: 1/1
   275 | D:1      | Gained mutation: You have large cloven feet. [demonic
                  | ancestry]
   275 | D:1      | Reached XP level 2. HP: 23/24 MP: 2/2
   275 | D:1      | Quit the game

Illustrated notes

Levels and vault maps discovered:
D:1:      roderic_dead_forest, layout_basic, serial_glass, glass_columns_b,
          glass_columns_c, glass_columns_a, glass_columns_b, glass_columns_b,
          glass_columns_b, glass_columns_a, glass_columns_a, glass_columns_a,
          glass_columns_a, glass_columns_b, glass_columns_a, glass_columns_a,
          glass_columns_a

Skill      XL: |  1 |
---------------+----+-----
Axes           | 3 |  3.2
Fighting       | |  3.0
Armour         | |  1.7
Dodging        | |  1.7

Action                   || total
-------------------------++-------
Melee: Hand axe          ||    19
Armor: Ring mail         ||     7
       Animal skin       ||     1
Dodge: Dodged            ||    16

Table legend: (Time is in decaauts)
 A = Elapsed time spent in this place.
 B = Non-inter-level travel time spent in this place.
 C = Inter-level travel time spent in this place.
 D = Time resting spent in this place.
 E = Time spent auto-exploring this place.
 F = Levels seen in this place.
 G = Mean time per level.
                   A        B        C        D        E       F      G
               +--------+--------+--------+--------+--------+-----+--------+
         Total |    278 |    278 |      0 |      0 |    216 |   1 |  278.0 |
       Dungeon |    278 |    278 |      0 |      0 |    216 |   1 |  278.0 |
               +--------+--------+--------+--------+--------+-----+--------+

Top non-repeatable levels by time:
     D:1: 278 daAuts
